 Dungeon Crawl Stone Soup version 0.28-a0-899-gf2b78a14d2 (webtiles) character file.

Game seed: 6955037533752237486

4812 Gargoyl the Fighter (level 10, -3/82 HPs)
             Began as a Gnoll Abyssal Knight on Nov 23, 2021.
             Was an Elder of Lugonu.
             Slain by a cyan ugly thing (17 damage)
             ... on level 8 of the Dungeon.
             The game lasted 00:10:38 (7249 turns).

Gargoyl the Fighter (Gnoll Abyssal Knight)          Turns: 7249, Time: 00:10:39

Health: -3/82      AC: 16    Str: 16    XL:     10   Next: 48%
Magic:  18/18      EV:  7    Int:  9    God:    Lugonu [****..]
Gold:   434        SH:  6    Dex: 13    Spells: 19/19 levels left

rFire   + . .      SeeInvis .   b - +3 spear (venom)
rCold   . . .      Faith    .   g - +1 buckler
rNeg    . . .      Spirit   .   h - +0 plate armour
rPois   .          Reflect  .   i - +1 helmet
rElec   .          Harm     .   (no cloak)
rCorr   .          Rampage  .   (no gloves)
Will    .....                   n - +0 pair of boots
Stlth   ..........              j - amulet of regeneration
HPRegen 2.23/turn               m - ring of protection from fire
MPRegen 0.16/turn               (no ring)

@: no status effects
A: fangs 1, strong nose, distributed training, regeneration 1, wild magic 1
a: Renounce Religion, Depart the Abyss, Bend Space, Banish, Corrupt


You were on level 8 of the Dungeon.
You worshipped Lugonu.
Lugonu was greatly pleased with you.
You visited 1 branch of the dungeon, and saw 8 of its levels.
You visited the Abyss 1 time.

You collected 434 gold pieces.

Inventory:

Hand Weapons
 a - a +1 hand axe
 b - a +3 spear of venom (weapon)
Armour
 g - a +1 buckler (worn)
 h - a +0 plate armour (worn)
 i - a +1 helmet (worn)
 n - a +0 pair of boots (worn)
Jewellery
 j - an amulet of regeneration (around neck)
 m - a ring of protection from fire (left hand)
 q - an amulet of reflection
 v - a +6 ring of strength
Wands
 f - a wand of flame (40)
 l - a wand of paralysis (8)
 s - a wand of mindburst (10)
 u - a wand of charming (5)
Scrolls
 e - a scroll of fog
 k - 2 scrolls of teleportation
 o - a scroll of magic mapping
 p - 2 scrolls of identify
Potions
 c - 4 potions of curing
 d - 5 potions of heal wounds
 t - a potion of haste


   Skills:
 + Level 8.5 Fighting
 + Level 5.3 Short Blades
 + Level 5.3 Long Blades
 + Level 7.1 Axes
 + Level 5.3 Maces & Flails
 + Level 5.3 Polearms
 + Level 5.3 Staves
 + Level 5.3 Slings
 + Level 5.3 Bows
 + Level 5.3 Crossbows
 + Level 5.3 Throwing
 + Level 7.1 Armour
 + Level 6.0 Dodging
 + Level 5.3 Stealth
 + Level 5.3 Shields
 + Level 5.3 Unarmed Combat
 + Level 5.3 Spellcasting
 + Level 4.4 Conjurations
 + Level 4.4 Hexes
 + Level 4.4 Summonings
 + Level 4.4 Necromancy
 + Level 4.4 Translocations
 + Level 4.4 Transmutations
 + Level 4.4 Fire Magic
 + Level 4.4 Ice Magic
 + Level 4.4 Air Magic
 + Level 4.4 Earth Magic
 + Level 4.4 Poison Magic
 + Level 7.5 Invocations
 + Level 5.3 Evocations


You had 19 spell levels left.
You didn't know any spells.
Your spell library contained the following spells:

 Spells                   Type           Power      Damage    Failure   Level
 Shock                    Conj/Air       52%        1d6       89%         1
 Blink                    Tloc           26%        N/A       96%         2
 Lesser Beckoning         Tloc           13%        N/A       99%         3
 Swiftness                Air            13%        N/A       99%         3
 Airstrike                Air            6%         N/A       100%        4
 Leda's Liquefaction      Hex/Erth       6%         N/A       100%        4
 Summon Lightning Spire   Summ/Air       13%        N/A       100%        4
 Lee's Rapid Deconstruct  Erth           6%         3d7*      100%        5
 Manifold Assault         Tloc           13%        N/A       100%        5
 Statue Form              Tmut/Erth      8%         N/A       100%        6
 Storm Form               Tmut/Air       6%         N/A       100%        7
 Maxwell's Capacitive Co  Air            6%         ∞         100%        8


Dungeon Overview and Level Annotations

Branches:
Dungeon (8/15)             Temple (0/1) D:4
   Lair: D:8-11

Altars:
Ashenzari
Cheibriados
Dithmenos
Elyvilon
Hepliaklqana
Qazlal
Ru
Uskayaw
Wu Jian
Yredelemnul


Innate Abilities, Weirdness & Mutations

You have very sharp teeth.
Your uncanny sense of smell can sniff out nearby items.
Your experience applies equally to all skills.
Your natural rate of healing is unusually fast.
Your spells are a little harder to cast, but a little more powerful.


Message History

Unknown command.
You closely miss the cyan ugly thing. Your bite misses the cyan ugly thing.
The cyan ugly thing is moderately wounded.
The cyan ugly thing barely misses you.
Unknown command.
You hit the cyan ugly thing.
The cyan ugly thing looks as sick as possible!
The cyan ugly thing is moderately wounded.
The cyan ugly thing barely misses you.
You hit the cyan ugly thing.
The cyan ugly thing looks as sick as possible!
The cyan ugly thing is moderately wounded.
You barely miss the cyan ugly thing.
The cyan ugly thing is moderately wounded.
The cyan ugly thing claws you! The cyan ugly thing shocks you!
Unknown command.
You hit the cyan ugly thing.
The cyan ugly thing looks as sick as possible!
The cyan ugly thing is heavily wounded.
The cyan ugly thing claws you. The cyan ugly thing shocks you!
Unknown command.
You hit the cyan ugly thing.
The cyan ugly thing is heavily wounded.
The cyan ugly thing claws you but does no damage.
Unknown command.
You barely miss the cyan ugly thing.
You bite the cyan ugly thing, but do no damage.
The cyan ugly thing is heavily wounded.
The cyan ugly thing claws you. The cyan ugly thing shocks you!
* * * LOW HITPOINT WARNING * * *
Unknown command.
You hit the cyan ugly thing.
The cyan ugly thing looks as sick as possible!
The cyan ugly thing is heavily wounded.
You barely miss the cyan ugly thing.
The cyan ugly thing is heavily wounded.
The cyan ugly thing claws you!
* * * LOW HITPOINT WARNING * * *
The cyan ugly thing shocks you!
You die...

#... ..# ...
..# #.. ..#
.. ..#
#.#..# ....#
.######u.#
.......@.#
######..>#
#..########
#.....#...#
#.###.#.#.#
#.# #.#.#.#
#.###.#.#.#∆
#.#.....#<#
#.#########


You could see a cyan ugly thing (extremely poisoned).

Vanquished Creatures
  Maggie (D:7)
  6 rime drakes (D:7)
  A troll (D:7)
  Sigmund (D:2)
  A steam dragon (D:7)
  A water moccasin (D:6)
  4 black bears
  An orc warrior (D:7)
  A sky beast (D:7)
  A necrophage (D:5)
  An ogre (D:5)
  2 centaurs
  2 phantoms
  A bullfrog (D:7)
  A gnoll sergeant (D:6)
  A wyvern zombie (D:7)
  A scorpion (D:4)
  A water moccasin skeleton (D:5)
  A wight (D:7)
  2 centaur zombies (D:7)
  4 hounds
  2 centaur skeletons
  2 orc wizards
  Terence (D:3)
  2 iguanas
  A scorpion zombie (D:5)
  A killer bee zombie (D:4)
  A hound skeleton (D:5)
  Robin (D:3)
  2 howler monkey skeletons (D:6)
  8 gnolls
  10 adders
  A white imp (D:7)
  An adder skeleton (D:4)
  A worm (D:2)
  4 dart slugs
  16 orcs
  4 bats
  2 endoplasms
  2 giant cockroaches (D:1)
  19 goblins
  10 hobgoblins
  7 jackals
  3 quokkas
  7 ball pythons
  5 frilled lizards
  13 kobolds
  3 rats
164 creatures vanquished.

Vanquished Creatures (others)
  A fungus (D:5)
  20 plants
21 creatures vanquished.

Grand Total: 185 creatures vanquished

Notes
Turn   | Place    | Note
-------+----------+-------------------------------------------
     0 | Abyss:1  | Gargoyl the Gnoll Abyssal Knight began the quest for the
                  | Orb.
     0 | Abyss:1  | Reached XP level 1. HP: 23/23 MP: 3/3
    68 | Abyss:1  | Found a sparkling altar of Nemelex Xobeh.
    69 | Abyss:1  | Noticed a purple draconian
    71 | Abyss:1  | Gained mutation: Your spells are a little harder to cast,
                  | but a little more powerful. [potion of mutation]
    71 | Abyss:1  | Gained mutation: Your natural rate of healing is unusually
                  | fast. [potion of mutation]
    72 | D:1      | Escaped the Abyss
   211 | D:1      | Reached * piety under Lugonu
   216 | D:1      | Reached XP level 2. HP: 27/29 MP: 5/5
   453 | D:1      | Reached XP level 3. HP: 35/35 MP: 6/6
   744 | D:1      | Found a faded altar of an unknown god.
  1014 | D:2      | Reached skill level 1 in Short Blades
  1014 | D:2      | Reached skill level 1 in Long Blades
  1014 | D:2      | Reached skill level 1 in Maces & Flails
  1014 | D:2      | Reached skill level 1 in Polearms
  1014 | D:2      | Reached skill level 1 in Staves
  1014 | D:2      | Reached skill level 1 in Slings
  1014 | D:2      | Reached skill level 1 in Bows
  1014 | D:2      | Reached skill level 1 in Crossbows
  1014 | D:2      | Reached skill level 1 in Throwing
  1014 | D:2      | Reached skill level 1 in Stealth
  1014 | D:2      | Reached skill level 1 in Shields
  1014 | D:2      | Reached skill level 1 in Unarmed Combat
  1014 | D:2      | Reached skill level 1 in Spellcasting
  1014 | D:2      | Reached skill level 1 in Evocations
  1022 | D:2      | Reached XP level 4. HP: 41/41 MP: 7/7
  1183 | D:2      | Reached ** piety under Lugonu
  1868 | D:3      | Reached skill level 1 in Conjurations
  1868 | D:3      | Reached skill level 1 in Hexes
  1868 | D:3      | Reached skill level 1 in Summonings
  1868 | D:3      | Reached skill level 1 in Necromancy
  1868 | D:3      | Reached skill level 1 in Translocations
  1868 | D:3      | Reached skill level 1 in Transmutations
  1868 | D:3      | Reached skill level 1 in Fire Magic
  1868 | D:3      | Reached skill level 1 in Ice Magic
  1868 | D:3      | Reached skill level 1 in Air Magic
  1868 | D:3      | Reached skill level 1 in Earth Magic
  1868 | D:3      | Reached skill level 1 in Poison Magic
  1965 | D:3      | Noticed Sigmund
  1965 | D:3      | Noticed Robin
  2031 | D:2      | Killed Sigmund
  2032 | D:2      | Reached skill level 5 in Invocations
  2032 | D:2      | Reached XP level 5. HP: 18/47 MP: 8/8
  2032 | D:2      | Reached XP level 6. HP: 21/53 MP: 9/9
  2099 | D:3      | Killed Robin
  2276 | D:3      | Noticed Terence
  2295 | D:3      | Killed Terence
  2296 | D:3      | Reached skill level 5 in Axes
  2296 | D:3      | Reached skill level 5 in Armour
  2382 | D:3      | Found a shadowy altar of Dithmenos.
  2773 | D:4      | Found a staircase to the Ecumenical Temple.
  2836 | D:4      | Reached *** piety under Lugonu
  2845 | D:4      | Reached XP level 7. HP: 59/59 MP: 10/10
  2881 | D:4      | Reached skill level 7 in Fighting
  2969 | D:4      | Found a hazy altar of Hepliaklqana.
  3048 | D:4      | Found a white marble altar of Elyvilon.
  3673 | D:4      | Found a hide-covered altar of Uskayaw.
  3715 | D:5      | Entered Level 5 of the Dungeon
  3963 | D:5      | Reached XP level 8. HP: 67/67 MP: 12/12
  3998 | D:4      | Found a stormy altar of Qazlal.
  3998 | D:4      | Found a snail-covered altar of Cheibriados.
  4207 | D:5      | Found an ornate altar of the Wu Jian Council.
  4231 | D:5      | Found a broken altar of Ashenzari.
  4540 | D:5      | Found a sacrificial altar of Ru.
  4687 | D:6      | Reached **** piety under Lugonu
  5354 | D:6      | Reached XP level 9. HP: 64/72 MP: 14/14
  5602 | D:6      | Identified the +2 leather armour "Yfeatovi" {rC+}
  6039 | D:7      | Noticed a hornet
  6045 | D:7      | Paralysed by a hornet for 1 turns
  6047 | D:7      | Banished a hornet
  6111 | D:7      | Reached skill level 5 in Dodging
  6113 | D:7      | Noticed a rime drake
  6117 | D:7      | Noticed a rime drake
  6128 | D:7      | Noticed a rime drake
  6129 | D:7      | Noticed a rime drake
  6138 | D:7      | Found the +4 skin of Zhor {*Englaciate rC+++ SInv}
  6143 | D:7      | Found a basalt altar of Yredelemnul.
  6298 | D:7      | Noticed a rime drake
  6300 | D:7      | Noticed a rime drake
  6626 | D:7      | Reached skill level 8 in Fighting
  6644 | D:7      | Killed a rime drake
  6653 | D:7      | Killed a rime drake
  6664 | D:7      | Killed a rime drake
  6665 | D:7      | Reached XP level 10. HP: 56/80 MP: 17/17
  6679 | D:7      | Reached skill level 5 in Short Blades
  6679 | D:7      | Reached skill level 5 in Long Blades
  6679 | D:7      | Reached skill level 5 in Maces & Flails
  6679 | D:7      | Reached skill level 5 in Polearms
  6679 | D:7      | Reached skill level 5 in Staves
  6679 | D:7      | Reached skill level 5 in Slings
  6679 | D:7      | Reached skill level 5 in Bows
  6679 | D:7      | Reached skill level 5 in Crossbows
  6679 | D:7      | Reached skill level 5 in Throwing
  6679 | D:7      | Reached skill level 5 in Stealth
  6679 | D:7      | Reached skill level 5 in Shields
  6679 | D:7      | Reached skill level 5 in Unarmed Combat
  6679 | D:7      | Reached skill level 5 in Spellcasting
  6679 | D:7      | Reached skill level 5 in Evocations
  6744 | D:7      | Noticed Maggie
  6768 | D:7      | Killed Maggie
  7231 | D:8      | Noticed a cyan ugly thing
  7249 | D:8      | Slain by a cyan ugly thing

Illustrated notes

Levels and vault maps discovered:
D:1:      saegor_arrival_simple_c, layout_basic,
          dreamdust_ecumenical_altar_statues, minmay_surrounded
D:2:      layout_loops_corners, lexackson_kobold_supper
D:3:      layout_basic, nicolae_dithmenos_the_darkroom, uniq_sigmund,
          uniq_terence, uniq_robin
D:4:      layout_basic, nicolae_uskayaw_suspiria, mainiacjoe_overflow_catwalk,
          nicolae_overflow_hidden_temple, temple_fountains
D:5:      layout_basic, nicolae_ru_the_path_less_chosen, lemuel_crystal_altar,
          kennysheep_little_box, serial_glass, glass_columns_a, glass_columns_a,
          minmay_stone_trees_large, kennysheep_generic_room_15
D:6:      layout_layer_cave, serial_bayou_ford_a, chequers_arboretum,
          minmay_hedge_maze
D:7:      cheibrodos_quashed, layout_basic, yredelemnul_altar_generic,
          st_stairs_8, hellmonk_guarded_unrand_zhor, uniq_maggie
D:8:      layout_basic, okawaru_metal_pillars_1_2,
          grunt_lair_entry_orc_guard_hut, uniq_joseph

Skill      XL: |  1  2  3  4  5  6  7  8  9 10 |
---------------+-------------------------------+-----
Short Blades   | 1 2 3 4 5 |  5.3
Long Blades    | 1 2 3 4 5 |  5.3
Maces & Flails | 1 2 3 4 5 |  5.3
Polearms       | 1 2 3 4 5 |  5.3
Staves         | 1 2 3 4 5 |  5.3
Slings         | 1 2 3 4 5 |  5.3
Bows           | 1 2 3 4 5 |  5.3
Crossbows      | 1 2 3 4 5 |  5.3
Throwing       | 1 2 3 4 5 |  5.3
Stealth        | 1 2 3 4 5 |  5.3
Shields        | 1 2 3 4 5 |  5.3
Unarmed Combat | 1 2 3 4 5 |  5.3
Spellcasting   | 1 2 3 4 5 |  5.3
Evocations     | 1 2 3 4 5 |  5.3
Conjurations   | 1 2 3 4 |  4.4
Hexes          | 1 2 3 4 |  4.4
Summonings     | 1 2 3 4 |  4.4
Necromancy     | 1 2 3 4 |  4.4
Translocations | 1 2 3 4 |  4.4
Transmutations | 1 2 3 4 |  4.4
Fire Magic     | 1 2 3 4 |  4.4
Ice Magic      | 1 2 3 4 |  4.4
Air Magic      | 1 2 3 4 |  4.4
Earth Magic    | 1 2 3 4 |  4.4
Poison Magic   | 1 2 3 4 |  4.4
Dodging        | 3 4 5 6 |  6.0
Invocations    | 5 6 7 |  7.5
Axes           | 5 6 7 |  7.1
Armour         | 5 6 7 |  7.1
Fighting       | 7 8 |  8.5

Action                   |  1- 3 |  4- 6 |  7- 9 | 10-12 || total
-------------------------+-------+-------+-------+-------++-------
Melee: Hand axe          |   107 |    86 |       |       ||   193
       Bite              |     6 |    11 |    57 |    16 ||    90
       Spear             |       |    55 |   458 |   102 ||   615
Invok: Depart the Abyss  |     1 |       |       |       ||     1
       Banish            |       |       |     1 |       ||     1
  Use: Scroll            |     4 |     3 |     5 |     1 ||    13
       Potion            |     1 |     1 |       |       ||     2
Armor: Leather armour    |     7 |       |       |       ||     7
       Chain mail        |    14 |       |       |       ||    14
       Plate armour      |    37 |   112 |   367 |    18 ||   534
       Animal skin       |       |       |       |     4 ||     4
Dodge: Dodged            |    31 |    20 |   115 |    28 ||   194
Block: Buckler           |    14 |    33 |   117 |    21 ||   185

Table legend: (Time is in decaauts)
 A = Elapsed time spent in this place.
 B = Non-inter-level travel time spent in this place.
 C = Inter-level travel time spent in this place.
 D = Time resting spent in this place.
 E = Time spent auto-exploring this place.
 F = Levels seen in this place.
 G = Mean time per level.
                   A        B        C        D        E       F      G
               +--------+--------+--------+--------+--------+-----+--------+
         Total |   7224 |   6998 |    226 |     84 |   5234 |   9 |  802.7 |
       Dungeon |   7152 |   6926 |    226 |     84 |   5169 |   8 |  894.0 |
         Abyss |     72 |     72 |      0 |      0 |     65 |   1 |   72.0 |
               +--------+--------+--------+--------+--------+-----+--------+

Top non-repeatable levels by time:
     D:6: 1344 daAuts
     D:7: 1196 daAuts
     D:2: 1046 daAuts
     D:4: 953 daAuts
     D:5: 911 daAuts
     D:1: 857 daAuts
     D:3: 806 daAuts
 Abyss:1: 72 daAuts
     D:8: 34 daAuts
